[Event "ICC tourney 2533 (25 5)"]
[Site "Internet Chess Club"]
[Date "2021.04.25"]
[Round "8"]
[White "KUMARAVEL, JAIKIRAN:K09-15581132"]
[Black "KOGAN, NIKITA:K09-17190210"]
[Result "0-1"]
[ICCResult "White checkmated"]
[WhiteElo "1488"]
[BlackElo "820"]
[Opening "Giuoco Pianissimo: Italian four knights variation"]
[ECO "C55"]
[NIC "IG.01"]
[Time "17:00:56"]
[PlyCount "116"]
[TimeControl "1500+5"]

1. e4 e5 2. Nf3 Nc6 3. Bc4 Nf6 4. d3 Bc5 5. Nc3 O-O 6. Bg5 Be7 7. O-O d6 8.
h3 h6 9. Bxf6 Bxf6 10. Nd5 Be6 11. Qd2 Nd4 12. Nxd4 exd4 13. Nxf6+ Qxf6 14.
Bb3 c5 15. Rfe1 b5 16. c3 dxc3 17. bxc3 a5 18. Bc2 Rfd8 19. a3 b4 20. axb4
axb4 21. Rxa8 Rxa8 22. cxb4 Ra2 23. Rc1 cxb4 24. Qxb4 Qg5 25. Qe1 Bxh3 26.
g3 h5 27. Bb3 Rb2 28. Bd5 h4 29. Rc7 hxg3 30. Bxf7+ Kh7 31. fxg3 Rb1 32.
Rc1 Qxc1 33. Qxc1 Rxc1+ 34. Kf2 g5 35. Ke3 Rf1 36. Bc4 Rg1 37. Kf2 Rg2+ 38.
Kf3 Rd2 39. Ke3 Rb2 40. d4 Bg4 41. e5 dxe5 42. dxe5 Kg7 43. Kd4 Kf8 44. e6
Ke7 45. Ke3 Bxe6 46. Bxe6 Kxe6 47. Kf3 Kf5 48. g4+ Ke5 49. Kg3 Ke4 50. Kh3
Rb3+ 51. Kg2 Kf4 52. Kh2 Kxg4 53. Kg2 Kf4 54. Kh2 g4 55. Kg2 Rb2+ 56. Kf1
g3 57. Kg1 Kf3 58. Kf1 Rb1# { White checkmated } 0-1

[Event "ICC tourney 2533 (25 5)"]
[Site "Internet Chess Club"]
[Date "2021.04.25"]
[Round "8"]
[White "CHAKRAVARTY, ARITRO:K09-16061277"]
[Black "LU, JASON:K09-15264313"]
[Result "0-1"]
[ICCResult "White resigns"]
[WhiteElo "1886"]
[BlackElo "2203"]
[Opening "King's Indian: fianchetto, Yugoslav, 7.O-O"]
[ECO "E65"]
[NIC "KI.69"]
[Time "17:00:47"]
[PlyCount "86"]
[TimeControl "1500+5"]

1. d4 Nf6 2. Nf3 g6 3. g3 Bg7 4. Bg2 O-O 5. O-O d6 6. c4 c5 7. Nc3 Nc6 8.
h3 cxd4 9. Nxd4 Nxd4 10. Qxd4 Be6 11. Qd3 Qc8 12. b3 Bxh3 13. Be3 Bxg2 14.
Kxg2 Qc6+ 15. f3 a6 16. Rac1 Rac8 17. Rfd1 h5 18. Bd4 Rfe8 19. e4 Kh7 20.
a4 Nd7 21. Nd5 Nc5 22. Qc3 Bxd4 23. Rxd4 f6 24. Rh1 Kg7 25. Rd2 Kf7 26. g4
Ne6 27. gxh5 gxh5 28. Rxh5 Rh8 29. Rf5 Rcg8+ 30. Kf1 Rg6 31. Ke2 Rh1 32.
Kd3 Nc5+ 33. Ke3 Qc8 34. Rg2 Rxg2 35. Rxf6+ Ke8 36. Rf5 Rhh2 37. Nf6+ exf6
38. Qxf6 Re2+ 39. Kd4 Rd2+ 40. Ke3 Rhe2+ 41. Kf4 Ne6+ 42. Kg3 Rg2+ 43. Kh4
Rh2+ { White resigns } 0-1

[Event "ICC tourney 2533 (25 5)"]
[Site "Internet Chess Club"]
[Date "2021.04.25"]
[Round "8"]
[White "KHANNA, SAVIR:K09-15724048"]
[Black "ZHUANG, KYLE:K09-16368295"]
[Result "0-1"]
[ICCResult "White checkmated"]
[WhiteElo "1160"]
[BlackElo "1637"]
[Opening "Sicilian: closed"]
[ECO "B23"]
[NIC "SI.44"]
[Time "17:02:41"]
[PlyCount "132"]
[TimeControl "1500+5"]

1. e4 c5 2. Nc3 g6 3. d4 cxd4 4. Qxd4 Nf6 5. Bb5 a6 6. e5 axb5 7. exf6 exf6
8. Nxb5 d5 9. Qe3+ Be6 10. Qc3 Nc6 11. Qg3 Qa5+ 12. Nc3 d4 13. Bd2 dxc3 14.
Bxc3 Qd8 15. Rd1 Qe7 16. Nf3 Bg7 17. a3 O-O 18. O-O Rad8 19. b4 b5 20. Nd4
Nxd4 21. Bxd4 Qb7 22. Qc3 Rc8 23. Qb2 Bf5 24. Rd2 Rc6 25. Bc5 Ra8 26. Rfd1
h6 27. h3 Re8 28. Rd8 Rc8 29. R8d6 Re2 30. R6d2 Rxd2 31. Rxd2 Re8 32. Qa1
Be4 33. f3 Bd5 34. Bd4 Bc4 35. Bxf6 Qb6+ 36. Bd4 Bxd4+ 37. Qxd4 Qxd4+ 38.
Rxd4 Re1+ 39. Kh2 Ra1 40. Rd8+ Kg7 41. Ra8 Ra2 42. c3 Bf1 43. Ra5 Rxg2+ 44.
Kh1 Rg3 45. Kh2 Rxf3 46. Kg1 Bc4 47. Kg2 Rxc3 48. a4 Ra3 49. axb5 Rxa5 50.
bxa5 Bxb5 51. Kf3 f5 52. Kf4 Kf6 53. h4 g5+ 54. hxg5+ hxg5+ 55. Kf3 Ke5 56.
Ke3 g4 57. Kf2 Kf4 58. Kg2 Bc6+ 59. Kf2 g3+ 60. Kf1 Kf3 61. Kg1 g2 62. a6
Bd5 63. a7 Ba8 64. Kh2 Kf2 65. Kh3 g1=Q 66. Kh4 Qg4# { White checkmated }
0-1

[Event "ICC tourney 2533 (25 5)"]
[Site "Internet Chess Club"]
[Date "2021.04.25"]
[Round "8"]
[White "ZHAO, MILES:K09-15597206"]
[Black "TATINENI, AASHRITH:K09-16429723"]
[Result "1-0"]
[ICCResult "Black forfeits on time"]
[WhiteElo "1843"]
[BlackElo "1398"]
[Opening "Four knights: Spanish variation"]
[ECO "C48"]
[NIC "KP.03"]
[Time "17:04:09"]
[PlyCount "75"]
[TimeControl "1500+5"]

1. e4 e5 2. Nf3 Nc6 3. Nc3 Nf6 4. Bb5 d6 5. d4 exd4 6. Nxd4 Bd7 7. O-O Nxd4
8. Qxd4 Be7 9. Re1 Bxb5 10. Nxb5 a6 11. Nc3 O-O 12. Bg5 h6 13. Bh4 Rb8 14.
Rad1 Re8 15. Qc4 Qc8 16. Rd3 Nh7 17. Bxe7 Rxe7 18. Nd5 Rd7 19. Rg3 Kh8 20.
Ree3 Qd8 21. Qd4 Qf8 22. Rh3 f6 23. Qc4 Qd8 24. Nf4 Qe8 25. Rhg3 Nf8 26.
Rh3 Ng6 27. Nd5 Ne7 28. Rxh6+ gxh6 29. Nxf6 Qd8 30. Qc3 Ng8 31. Nxd7+ Kh7
32. Nxb8 Qxb8 33. Rf3 Qe8 34. Qxc7+ Qe7 35. Qxe7+ Nxe7 36. Rf7+ Kg6 37.
Rxe7 Kf6 38. Rxb7 { Black forfeits on time } 1-0

[Event "ICC tourney 2533 (25 5)"]
[Site "Internet Chess Club"]
[Date "2021.04.25"]
[Round "8"]
[White "MICHAEL JONES, RILEY:K09-16250692"]
[Black "DENG, LILY:K09-16640701"]
[Result "1-0"]
[ICCResult "Black checkmated"]
[WhiteElo "940"]
[BlackElo "1844"]
[Opening "Giuoco Pianissimo: Italian four knights variation"]
[ECO "C28"]
[NIC "VG.02"]
[Time "17:00:27"]
[PlyCount "105"]
[TimeControl "1500+5"]

1. e4 e5 2. Bc4 Nf6 3. Nc3 Nc6 4. Nf3 Bc5 5. d3 h6 6. h3 O-O 7. O-O d6 8.
Nd5 Na5 9. b3 Nc6 10. c3 a6 11. d4 exd4 12. cxd4 Ba7 13. Re1 Re8 14. Nxf6+
Qxf6 15. Bb2 Qg6 16. Re3 Rxe4 17. Bd3 Bxh3 18. Nh4 Qg5 19. Bxe4 Bd7 20. Nf3
Qd8 21. Qe2 Qf8 22. Bxc6 Bxc6 23. Re1 Rd8 24. Re7 Bb6 25. Bc3 Bd5 26. Re8
Rxe8 27. Qxe8 Qxe8 28. Rxe8+ Kh7 29. a4 a5 30. Nd2 Kg6 31. Nc4 Bc6 32. Nxb6
cxb6 33. Rd8 d5 34. Kf1 Kf6 35. Ke1 Ke7 36. Rh8 f5 37. Bxa5 bxa5 38. Ra8 b6
39. Ra6 Kd6 40. Rxb6 h5 41. f4 g6 42. Ra6 Kc7 43. Rxa5 Kb6 44. Rc5 Kb7 45.
a5 h4 46. b4 Kc7 47. b5 Kb7 48. bxc6+ Kc7 49. a6 Kb6 50. c7 Kxa6 51. c8=Q+
Ka7 52. Qc7+ Ka8 53. Ra5# { Black checkmated } 1-0

[Event "ICC tourney 2533 (25 5)"]
[Site "Internet Chess Club"]
[Date "2021.04.25"]
[Round "8"]
[White "KOLLIPARA, ADVAITH:K09-15014487"]
[Black "MEI, AUSTIN R:K09-16090452"]
[Result "0-1"]
[ICCResult "White checkmated"]
[WhiteElo "1648"]
[BlackElo "2149"]
[Opening "Budapest: Adler variation"]
[ECO "A52"]
[NIC "QG.01"]
[Time "17:00:58"]
[PlyCount "58"]
[TimeControl "1500+5"]

1. d4 Nf6 2. c4 e5 3. dxe5 Ng4 4. Nf3 Bc5 5. e3 Nc6 6. Be2 Ngxe5 7. O-O O-O
8. Nc3 Re8 9. a3 a5 10. Nd5 Nxf3+ 11. Bxf3 Ne5 12. b3 Ra6 13. Bb2 Rh6 14.
Nf4 d6 15. Bxe5 Rxe5 16. Bg4 Qh4 17. h3 f5 18. Bf3 Re8 19. Qd2 Qd8 20. b4
Ba7 21. Rfe1 c6 22. Rad1 g5 23. Nd3 g4 24. e4 Qh4 25. exf5 Rxe1+ 26. Rxe1
Bxf5 27. g3 Qxg3+ 28. Kf1 Bxd3+ 29. Re2 Qxf2# { White checkmated } 0-1

[Event "ICC tourney 2533 (25 5)"]
[Site "Internet Chess Club"]
[Date "2021.04.25"]
[Round "8"]
[White "RAJBHANDARI, NIRVANA:K09-16146937"]
[Black "COOKE, GRAYSON:K09-15001077"]
[Result "0-1"]
[ICCResult "White checkmated"]
[WhiteElo "1200"]
[BlackElo "1713"]
[Opening "Grünfeld: 5.Bg5"]
[ECO "D91"]
[NIC "GI.08"]
[Time "17:01:01"]
[PlyCount "108"]
[TimeControl "1500+5"]

1. d4 Nf6 2. c4 g6 3. Nc3 d5 4. Nf3 Bg7 5. Bg5 Ne4 6. Bh4 Nxc3 7. bxc3 dxc4
8. e4 b5 9. Be2 Bb7 10. Qc2 c5 11. Rd1 Qa5 12. O-O cxd4 13. Nxd4 Nd7 14.
Bf3 Nc5 15. Rfe1 e5 16. Ne2 Nd3 17. Rf1 O-O 18. Nc1 Nc5 19. Be7 Rfc8 20.
Rfe1 Bf8 21. Bxc5 Bxc5 22. Ne2 Rd8 23. Ng3 b4 24. cxb4 Bxb4 25. Rf1 c3 26.
Ne2 Ba6 27. Rfe1 Rd2 28. Rxd2 cxd2 29. Rd1 Rc8 30. Qb2 Qa4 31. Ng3 Rc2 32.
Qa1 Bc3 33. Qb1 Rb2 34. Qa1 Bd3 35. Be2 Bxe2 36. Nxe2 Rxa2 37. Qb1 Ra1 38.
Nxc3 Rxb1 39. Rxb1 Qc2 40. g3 Qxb1+ 41. Nxb1 d1=Q+ 42. Kg2 Qxb1 43. Kh3
Qxe4 44. g4 g5 45. Kg3 Qf4+ 46. Kg2 Qxg4+ 47. Kh1 Qf3+ 48. Kg1 a5 49. h4 a4
50. hxg5 a3 51. g6 fxg6 52. Kh2 a2 53. Kg1 a1=Q+ 54. Kh2 Qah1# { White
checkmated } 0-1

[Event "ICC tourney 2533 (25 5)"]
[Site "Internet Chess Club"]
[Date "2021.04.25"]
[Round "8"]
[White "RAJARAM, ANIKA:K09-15446678"]
[Black "KAPLAN, AVI:K09-15263943"]
[Result "1/2-1/2"]
[ICCResult "Game drawn by mutual agreement"]
[WhiteElo "1858"]
[BlackElo "2116"]
[Opening "Benkö gambit accepted"]
[ECO "A58"]
[NIC "BI.45"]
[Time "17:03:13"]
[PlyCount "111"]
[TimeControl "1500+5"]

1. d4 Nf6 2. c4 c5 3. d5 b5 4. cxb5 a6 5. bxa6 Bxa6 6. Nc3 d6 7. g3 g6 8.
Bg2 Bg7 9. Nf3 O-O 10. O-O Nbd7 11. Rb1 Qa5 12. Qc2 Rfb8 13. b3 Ne8 14. Bd2
c4 15. bxc4 Bxc4 16. Rfe1 Nc5 17. Ne4 Qxa2 18. Qxa2 Bxa2 19. Rxb8 Rxb8 20.
Nxc5 dxc5 21. e4 c4 22. Bf4 Rc8 23. Be5 c3 24. Bxg7 Kxg7 25. Nd4 Rc4 26.
Nc6 Nd6 27. e5 Nf5 28. Rc1 Rc5 29. g4 Nh4 30. Nxe7 Nxg2 31. Kxg2 Bxd5+ 32.
Nxd5 Rxd5 33. Rxc3 Rxe5 34. h3 Ra5 35. Kg3 Kf6 36. f4 h6 37. Re3 g5 38.
fxg5+ hxg5 39. h4 gxh4+ 40. Kxh4 Kg6 41. Rf3 Ra4 42. Rb3 Kg7 43. Rb5 Ra1
44. Rb7 Kg6 45. Rb6+ f6 46. Rc6 Kf7 47. Kg3 Ra4 48. Rc5 Ra6 49. g5 fxg5 50.
Rxg5 Ra3+ 51. Kf2 Kf6 52. Rg3 Ra2+ 53. Kf3 Kf5 54. Rg8 Ra3+ 55. Kg2 Ra2+
56. Kf3 { Game drawn by mutual agreement } 1/2-1/2

[Event "ICC tourney 2533 (25 5)"]
[Site "Internet Chess Club"]
[Date "2021.04.25"]
[Round "8"]
[White "KRICK, OWEN:K09-16875635"]
[Black "EILEEN MILLER, ANNA:K09-16812002"]
[Result "0-1"]
[ICCResult "White resigns"]
[WhiteElo "1146"]
[BlackElo "586"]
[Opening "Queen's pawn, Mason variation"]
[ECO "D00"]
[NIC "QP.08"]
[Time "17:03:01"]
[PlyCount "116"]
[TimeControl "1500+5"]

1. d4 d5 2. Bf4 Nc6 3. e3 a6 4. Bd3 Nf6 5. Nd2 g6 6. Ngf3 Bg4 7. h3 Bd7 8.
O-O Bg7 9. c4 dxc4 10. Bxc4 O-O 11. Rc1 Bf5 12. Re1 Nb4 13. e4 b5 14. Bxf7+
Rxf7 15. exf5 Nd3 16. fxg6 hxg6 17. Ng5 Nxc1 18. Nxf7 Kxf7 19. Qxc1 Rc8 20.
Nf3 Nh5 21. Ne5+ Bxe5 22. Bxe5 Qd5 23. b3 c5 24. Qc3 b4 25. Qc4 Qxc4 26.
bxc4 cxd4 27. Bxd4 Rxc4 28. Be3 Rc2 29. Ra1 Nf6 30. a4 b3 31. Rb1 Rc3 32.
Rb2 Nd5 33. Bd2 Rd3 34. Kf1 Nb6 35. a5 Nc4 36. Bc1 Nxb2 37. Bxb2 Rd2 38.
Bc3 Rc2 39. Bd4 Ra2 40. Bc3 Ke6 41. Ke1 Kd5 42. g4 Kc4 43. Be5 Rxa5 44. f4
e6 45. Kd1 Rd5+ 46. Kc1 a5 47. h4 a4 48. Bb2 Rd3 49. h5 gxh5 50. gxh5 Rh3
51. h6 Rxh6 52. Kb1 Kb4 53. Bc1 Rh1 54. Kb2 a3+ 55. Kb1 a2+ 56. Kb2 Rxc1
57. Kxc1 a1=Q+ 58. Kd2 Qc3+ { White resigns } 0-1

[Event "ICC tourney 2533 (25 5)"]
[Site "Internet Chess Club"]
[Date "2021.04.25"]
[Round "8"]
[White "PARK, LUCAS:K09-16422040"]
[Black "MERRILL, SYLVIA:K09-15066418"]
[Result "0-1"]
[ICCResult "White forfeits on time"]
[WhiteElo "1084"]
[BlackElo "1540"]
[Opening "Grünfeld: exchange variation"]
[ECO "D85"]
[NIC "GI.03"]
[Time "17:02:02"]
[PlyCount "78"]
[TimeControl "1500+5"]

1. d4 Nf6 2. c4 g6 3. Nc3 d5 4. cxd5 Nxd5 5. Nxd5 Qxd5 6. Nf3 Bg7 7. e3 O-O
8. b3 Bg4 9. Be2 c5 10. O-O cxd4 11. Nxd4 Bxe2 12. Qxe2 Rd8 13. Bb2 Nc6 14.
Rfd1 Nxd4 15. exd4 e6 16. Rac1 Rac8 17. Rxc8 Rxc8 18. f3 Rd8 19. Qc4 e5 20.
Qxd5 Rxd5 21. Kf2 exd4 22. Rd3 Kf8 23. Kg3 Ke7 24. Kf4 f5 25. Kg3 Kd6 26.
f4 Kc5 27. Ba3+ Kb5 28. Kf3 Rd7 29. h3 Rc7 30. Rd2 Rc3+ 31. Kf2 Re3 32. Bb2
Re4 33. Kf3 Kb4 34. g4 Re3+ 35. Kf2 Rxh3 36. Bxd4 Rh2+ 37. Ke3 Rxd2 38.
Kxd2 Bxd4 39. Kc2 fxg4 { White forfeits on time } 0-1

[Event "ICC tourney 2533 (25 5)"]
[Site "Internet Chess Club"]
[Date "2021.04.25"]
[Round "8"]
[White "CHUGH, ROHAN:K09-16024710"]
[Black "SANTOSH, AKSHAY:K09-15350106"]
[Result "0-1"]
[ICCResult "White checkmated"]
[WhiteElo "1072"]
[BlackElo "1484"]
[Opening "French: Two knights variation"]
[ECO "C00"]
[NIC "FR.01"]
[Time "17:01:01"]
[PlyCount "102"]
[TimeControl "1500+5"]

1. e4 e6 2. Nf3 d5 3. Nc3 d4 4. Ne2 c5 5. Nf4 Nc6 6. Bb5 Ne7 7. Bxc6+ Nxc6
8. d3 e5 9. Ne2 Bg4 10. O-O Qf6 11. Nd2 h5 12. Nc4 h4 13. h3 Be6 14. Bd2 g5
15. Qc1 Rg8 16. c3 g4 17. cxd4 cxd4 18. hxg4 Rxg4 19. f3 Rg8 20. Rf2 Qg6
21. Qf1 Bh6 22. Bxh6 Qxh6 23. Nd6+ Kf8 24. Nxb7 Nb4 25. Rc1 Nxd3 26. Rc6
Nxf2 27. Qxf2 Rc8 28. Ra6 d3 29. Nc3 Qc1+ 30. Kh2 d2 31. Rd6 Rxc3 32. bxc3
d1=Q 33. Rxd1 Qxd1 34. Qc5+ Ke8 35. Qc6+ Qd7 36. Nd6+ Ke7 37. Nf5+ Bxf5 38.
Qc5+ Qd6 39. Qxa7+ Bd7 40. a4 Kf6 41. Qf2 Ke7 42. Qxh4+ Qf6 43. Qh7 Rh8 44.
Qxh8 Qxh8+ 45. Kg3 Qa8 46. Kh4 Qxa4 47. Kg5 Qb3 48. f4 exf4 49. Kxf4 Qxc3
50. g4 Qd2+ 51. Ke5 Qd6# { White checkmated } 0-1

[Event "ICC tourney 2533 (25 5)"]
[Site "Internet Chess Club"]
[Date "2021.04.25"]
[Round "8"]
[White "NASTA, KIREN:K09-15255524"]
[Black "JONNALAGADDA, VISHNUSANKAR:K09-16457328"]
[Result "1/2-1/2"]
[ICCResult "Game drawn by repetition"]
[WhiteElo "1901"]
[BlackElo "1408"]
[Opening "Sicilian: dragon, Yugoslav attack, 10.O-O-O"]
[ECO "B78"]
[NIC "SI.18"]
[Time "17:02:40"]
[PlyCount "66"]
[TimeControl "1500+5"]

1. e4 c5 2. Nf3 d6 3. d4 cxd4 4. Nxd4 Nf6 5. Nc3 g6 6. Be3 Bg7 7. f3 O-O 8.
Qd2 Nc6 9. Bc4 Bd7 10. O-O-O Rc8 11. Bb3 Ne5 12. Kb1 Re8 13. h4 h5 14. g4
hxg4 15. h5 Nxh5 16. Rdg1 Qa5 17. Bh6 Bxh6 18. Qxh6 Rxc3 19. Rxh5 gxh5 20.
Qg5+ Kf8 21. Qh6+ Kg8 22. Qxh5 Rxb3 23. Nxb3 Qb6 24. Rh1 Ng6 25. f4 g3 26.
f5 g2 27. Qh7+ Kf8 28. Qh6+ Kg8 29. Qh7+ Kf8 30. Qh6+ Kg8 31. Qh7+ Kf8 32.
Qh6+ Kg8 33. Qh7+ Kf8 { Game drawn by repetition } 1/2-1/2

[Event "ICC tourney 2533 (25 5)"]
[Site "Internet Chess Club"]
[Date "2021.04.25"]
[Round "8"]
[White "ALEXANDER GO, JORDAN:K09-16066782"]
[Black "RAJESH, RISHAN:K09-16815148"]
[Result "0-1"]
[ICCResult "White forfeits on time"]
[WhiteElo "1430"]
[BlackElo "765"]
[Opening "Scotch: Blumenfeld attack"]
[ECO "C45"]
[NIC "SO.05"]
[Time "17:03:58"]
[PlyCount "118"]
[TimeControl "1500+5"]

1. e4 e5 2. Nf3 Nc6 3. d4 exd4 4. Nxd4 Bc5 5. Be3 Qf6 6. Nb5 Bd6 7. Nxd6+
Qxd6 8. Qxd6 cxd6 9. Nc3 Nge7 10. O-O-O O-O 11. Rxd6 Ng6 12. f4 f5 13. e5
a5 14. Bc4+ Kh8 15. g3 a4 16. a3 Na5 17. Ba2 Nc6 18. Bc5 Ra5 19. Bb6 Ra6
20. Bc5 Ra5 21. Bb4 Nxb4 22. axb4 Ra8 23. Nd5 a3 24. bxa3 Rxa3 25. Kb2 Ra6
26. Rb6 Rxb6 27. Nxb6 Ne7 28. Rd1 Nc6 29. Kc3 g6 30. Nxd7 Rd8 31. Be6 Nb8
32. Bc4 Rxd7 33. Re1 Re7 34. Kd4 Nc6+ 35. Kc5 Kg7 36. Kd6 Kf8 37. Bb5 Rd7+
38. Kc5 Rc7 39. Kb6 Re7 40. Bxc6 Re6 41. b5 bxc6 42. bxc6 Bd7 43. Kc7 Bxc6
44. Rd1 Be4 45. Rd6 Re7+ 46. Kd8 Bxc2 47. Rf6+ Rf7 48. Re6 Ba4 49. Rd6 Re7
50. Rf6+ Rf7 51. Rd6 Be8 52. Re6 Rd7+ 53. Kc8 Rf7 54. Kd8 Rd7+ 55. Kc8 Ra7
56. Kd8 Rd7+ 57. Kc8 Rd2 58. Rd6 Rxh2 59. Kd8 Kf7 { White forfeits on time
} 0-1

[Event "ICC tourney 2533 (25 5)"]
[Site "Internet Chess Club"]
[Date "2021.04.25"]
[Round "8"]
[White "MUTHUKUMAR, HAARI:K09-17128308"]
[Black "LI, EDWARD:K09-16292831"]
[Result "1-0"]
[ICCResult "Black resigns"]
[WhiteElo "1152"]
[BlackElo "1595"]
[Opening "Scotch game"]
[ECO "C45"]
[NIC "SO.05"]
[Time "17:02:00"]
[PlyCount "57"]
[TimeControl "1500+5"]

1. e4 e5 2. Nf3 Nc6 3. d4 exd4 4. Nxd4 Bc5 5. Be3 Qf6 6. c3 Nge7 7. Bc4 d6
8. O-O O-O 9. Nxc6 Nxc6 10. Bxc5 dxc5 11. Na3 a6 12. Nc2 Ne5 13. Be2 Be6
14. Ne3 Qg6 15. f3 Rad8 16. Qc2 Rfe8 17. f4 Ng4 18. Rf3 Nxe3 19. Rxe3 Bd5
20. Bf3 Bc6 21. Rae1 Rd7 22. Qf2 Rde7 23. e5 Bxf3 24. Qxf3 Qb6 25. Qf2 Rd7
26. f5 Rde7 27. Qg3 g6 28. f6 Re6 29. Qg5 { Black resigns } 1-0

[Event "ICC tourney 2533 (25 5)"]
[Site "Internet Chess Club"]
[Date "2021.04.25"]
[Round "8"]
[White "NI, DAVID:K09-16357865"]
[Black "XIAO, ALESTER:K09-16181985"]
[Result "1/2-1/2"]
[ICCResult "Game drawn by repetition"]
[WhiteElo "1453"]
[BlackElo "1055"]
[Opening "French defense"]
[ECO "C01"]
[NIC "FR.01"]
[Time "17:03:30"]
[PlyCount "135"]
[TimeControl "1500+5"]

1. e4 e6 2. d4 b6 3. Nc3 Bb7 4. Bd3 Bb4 5. Bd2 Nf6 6. Nge2 O-O 7. O-O h6 8.
f3 d6 9. a3 Bxc3 10. Bxc3 Nbd7 11. b4 c5 12. Bb2 Rc8 13. c3 Re8 14. Qd2 a6
15. Rfc1 c4 16. Bc2 b5 17. Rf1 Kh8 18. Bc1 Rg8 19. Qe1 g5 20. Be3 e5 21. d5
Nh5 22. g4 Nf4 23. Nxf4 gxf4 24. Bf2 Nf8 25. Bh4 f6 26. Kh1 Rc7 27. Rg1 Ng6
28. Bf2 Rh7 29. h4 h5 30. Bd1 Bc8 31. g5 Qd7 32. Rg2 fxg5 33. hxg5 h4 34.
Rh2 h3 35. Be2 Qe7 36. Qd2 Qxg5 37. Rg1 Qf6 38. Bf1 Rgg7 39. Qe1 Nh4 40.
Bxh4 Rxg1+ 41. Kxg1 Rxh4 42. Kh1 Qg5 43. Qf2 Qg3 44. Qe2 Rh5 45. Qf2 Rg5
46. Qxg3 Rxg3 47. Rf2 Kh7 48. Kh2 Kh6 49. Be2 Kh5 50. Bd1 Kh4 51. Be2 Kg5
52. Bd1 Kh4 53. Be2 Bg4 54. Bd1 Bd7 55. Be2 Kg5 56. Bd1 Bf5 57. Bc2 Bd7 58.
Bd1 Bc8 59. Bc2 Bd7 60. Bd1 Bc8 61. Be2 Bd7 62. Bd1 Bc8 63. Bc2 Bd7 64. Bd1
Bc8 65. Be2 Bd7 66. Bd1 Bc8 67. Bc2 Bd7 68. Bd1 { Game drawn by repetition
} 1/2-1/2

[Event "ICC tourney 2533 (25 5)"]
[Site "Internet Chess Club"]
[Date "2021.04.25"]
[Round "8"]
[White "LEE, JAYDEN:K09-15757981"]
[Black "WISNIOWSKI, NATALIE:K09-15702390"]
[Result "1-0"]
[ICCResult "Black resigns"]
[WhiteElo "2106"]
[BlackElo "2006"]
[Opening "Sicilian: Najdorf, Lipnitzky attack"]
[ECO "B86"]
[NIC "SI.13"]
[Time "17:00:07"]
[PlyCount "103"]
[TimeControl "1500+5"]

1. e4 c5 2. Nf3 d6 3. d4 cxd4 4. Nxd4 Nf6 5. Nc3 a6 6. Bc4 e6 7. O-O b5 8.
Bb3 Be7 9. f4 Bb7 10. Be3 b4 11. Na4 Bxe4 12. f5 e5 13. Nf3 O-O 14. Nb6
Nbd7 15. Nxa8 Qxa8 16. Qd2 d5 17. c3 bxc3 18. bxc3 Ng4 19. Kh1 Nxe3 20.
Qxe3 Bc5 21. Qd2 d4 22. cxd4 exd4 23. Ng5 Bc6 24. Bd1 Ne5 25. Bf3 Nc4 26.
Qc2 Bxf3 27. Rxf3 Qd5 28. Rc1 Rb8 29. h3 Bd6 30. Rb3 Re8 31. Nf3 Ne3 32.
Qd3 Nxf5 33. Rd1 Ng3+ 34. Kg1 g6 35. Nxd4 Nf5 36. Nxf5 Qxd3 37. Rbxd3 Bc5+
38. Nd4 Rb8 39. Kf1 Rb2 40. R3d2 Bxd4 41. Rxd4 Rxa2 42. R4d2 Ra4 43. Rb1
Rf4+ 44. Rf2 Rd4 45. Ra1 Rd6 46. Rfa2 Rf6+ 47. Kg1 Kg7 48. Rxa6 Rf5 49. Rf1
Rd5 50. Ra7 Kg8 51. Rfxf7 Rd1+ 52. Kh2 { Black resigns } 1-0

[Event "ICC tourney 2533 (25 5)"]
[Site "Internet Chess Club"]
[Date "2021.04.25"]
[Round "8"]
[White "RALLABANDI, KRISHNA:K09-16752001"]
[Black "SAI POTHURI, ABHIRAM:K09-15560780"]
[Result "1-0"]
[ICCResult "Black checkmated"]
[WhiteElo "1440"]
[BlackElo "1948"]
[Opening "Grünfeld: modern exchange variation"]
[ECO "D85"]
[NIC "GI.04"]
[Time "17:02:23"]
[PlyCount "97"]
[TimeControl "1500+5"]

1. d4 Nf6 2. c4 g6 3. Nc3 d5 4. cxd5 Nxd5 5. e4 Nxc3 6. bxc3 Bg7 7. Nf3 O-O
8. Be2 c5 9. Be3 Bg4 10. Rc1 Nc6 11. d5 Bxf3 12. Bxf3 Ne5 13. Be2 Qa5 14.
O-O Nd7 15. Qd2 Rad8 16. f4 Nf6 17. Bd3 c4 18. Bb1 e6 19. d6 Ng4 20. e5 g5
21. Qc2 f5 22. exf6 Rxf6 23. Qxh7+ Kf8 24. fxg5 Qe5 25. Bd4 Qxg5 26. Rxf6+
Nxf6 27. Rf1 Rxd6 28. h4 Ke8 29. Bg6+ Kd8 30. Qxg7 Qg3 31. Qxf6+ Kc8 32.
Qe5 Qxe5 33. Bxe5 Rd8 34. Rf7 Rd7 35. Rxd7 Kxd7 36. h5 Ke7 37. h6 b5 38. h7
b4 39. cxb4 a5 40. bxa5 c3 41. Bxc3 e5 42. h8=Q e4 43. Qe5+ Kd7 44. Bf5+
Kc6 45. Bxe4+ Kd7 46. Qf6 Kc7 47. Be5+ Kd7 48. Qd6+ Ke8 49. Bg6# { Black
checkmated } 1-0

[Event "ICC tourney 2533 (25 5)"]
[Site "Internet Chess Club"]
[Date "2021.04.25"]
[Round "8"]
[White "SHUKLA, ARIN:K09-15582643"]
[Black "MENON, GAURI:K09-15187152"]
[Result "0-1"]
[ICCResult "White forfeits on time"]
[WhiteElo "1553"]
[BlackElo "1960"]
[Opening "Giuoco Pianissimo"]
[ECO "C50"]
[NIC "IG.02"]
[Time "17:00:34"]
[PlyCount "64"]
[TimeControl "1500+5"]

1. e4 e5 2. Nf3 Nc6 3. Bc4 Bc5 4. d3 Nf6 5. O-O a6 6. c3 Ba7 7. Bg5 h6 8.
Be3 d6 9. Bxa7 Rxa7 10. Bb3 O-O 11. Re1 Bg4 12. h3 Be6 13. Bc2 Re8 14. Nbd2
b5 15. Nf1 Rb7 16. Ng3 b4 17. d4 exd4 18. cxd4 Bc4 19. Ba4 Bb5 20. Rc1 Ne7
21. Bxb5 Rxb5 22. d5 Ng6 23. Nd4 Rb6 24. Nc6 Qa8 25. Qd4 a5 26. Nf5 Kh7 27.
f3 Qa6 28. g4 Nf4 29. h4 Ne2+ 30. Rxe2 Qxe2 31. g5 Qxf3 32. gxf6 Rxe4 {
White forfeits on time } 0-1

[Event "ICC tourney 2533 (25 5)"]
[Site "Internet Chess Club"]
[Date "2021.04.25"]
[Round "8"]
[White "SHETTY, DARSH:K09-16728985"]
[Black "WU, ANDREW:K09-16967853"]
[Result "0-1"]
[ICCResult "White checkmated"]
[WhiteElo "680"]
[BlackElo "1532"]
[Opening "Sicilian: dragon, Yugoslav attack, 10.O-O-O"]
[ECO "B78"]
[NIC "SI.18"]
[Time "17:00:20"]
[PlyCount "92"]
[TimeControl "1500+5"]

1. e4 c5 2. Nf3 d6 3. d4 cxd4 4. Nxd4 Nf6 5. Nc3 g6 6. Be3 Bg7 7. f3 O-O 8.
Bc4 Nc6 9. Qd2 Bd7 10. O-O-O Rb8 11. Kb1 b5 12. Bb3 Nxd4 13. Bxd4 a5 14.
Bxf6 Bxf6 15. Nd5 Bg7 16. a3 Be6 17. h4 b4 18. a4 Qd7 19. h5 Rfc8 20. hxg6
hxg6 21. Qg5 Rb7 22. Qe3 Rc5 23. Nf4 Bxb3 24. Qxb3 Rc3 25. Qd5 Qxa4 26. Rd2
b3 27. cxb3 Rcxb3 28. Nd3 Ra3 29. b3 Rbxb3+ 30. Nb2 Ra1+ 31. Kc2 Rxb2+ 32.
Kd3 Rxd2+ 33. Kxd2 Rxh1 34. Ke3 Qd4+ 35. Qxd4 Bxd4+ 36. Kxd4 Rb1 37. Kc4 a4
38. Kc3 a3 39. g4 a2 40. f4 a1=Q+ 41. Kc4 Rc1+ 42. Kd3 Qc3+ 43. Ke2 Re1+
44. Kf2 Qe3+ 45. Kg2 Rg1+ 46. Kh2 Qg3# { White checkmated } 0-1

[Event "ICC tourney 2533 (25 5)"]
[Site "Internet Chess Club"]
[Date "2021.04.25"]
[Round "8"]
[White "V V SHI, ROGER:K09-16191192"]
[Black "WILSON, RONEN:K09-15349011"]
[Result "0-1"]
[ICCResult "White checkmated"]
[WhiteElo "1572"]
[BlackElo "2079"]
[Opening "Sicilian: Najdorf"]
[ECO "B90"]
[NIC "SI.14"]
[Time "17:03:00"]
[PlyCount "78"]
[TimeControl "1500+5"]

1. e4 c5 2. Nf3 d6 3. d4 cxd4 4. Nxd4 Nf6 5. Nc3 a6 6. f3 e5 7. Nb3 Be6 8.
Be3 Nbd7 9. Qd2 Be7 10. g4 b5 11. g5 b4 12. gxf6 bxc3 13. Qxc3 Nxf6 14. Rg1
O-O 15. O-O-O Rc8 16. Qd2 a5 17. Bb5 a4 18. Bxa4 Ra8 19. Bc6 Rxa2 20. Kb1
Bxb3 21. cxb3 Ra6 22. Bb5 Ra5 23. Bc4 Kh8 24. Rg2 Qa8 25. Kc2 Rc8 26. Rdg1
g6 27. Bb6 Ra6 28. Be3 d5 29. exd5 Nxd5 30. Kd1 Rd6 31. Ke1 Nf4 32. Qc3
Nxg2+ 33. Rxg2 Bf6 34. Qb4 Rcd8 35. Kf2 Bh4+ 36. Ke2 Qa1 37. Rg1 Qxb2+ 38.
Bd2 Rxd2+ 39. Ke3 Qd4# { White checkmated } 0-1